Description

A SMALL VARIATION TO PIG'S BEGINNER OPENER MOVING TO ZOMBIE TOSS

Build Order

Get SALT Encoding   

  12  0:00  Probe  
  13  0:11  Probe  
  14  0:21  Pylon  
  14  0:23  Probe  
  15  0:39  Probe  
  15  0:40  Gateway  
  16  0:45  Assimilator  
  16  0:49  Probe  
  17  1:01  Probe  
  18  1:12  Probe  
  19  1:24  Cybernetics Core  
  19  1:36  Nexus  
  19  1:39  Probe  
  20  1:50  Probe  
  20  1:52  Pylon  
  21  2:00  Probe  
  22  2:12  Warp Gate (Chrono Boost), Adept  
  28  2:45  Adept  
  28  2:50  Gateway x2  
  31  2:57  Assimilator  
  34  3:12  Pylon  
  35  3:14  Stalker  
  41  3:35  Robotics Facility  
  41  3:40  Twilight Council  
  43  3:51  Pylon  
  47  4:15  Stalker, Zealot x2, Charge (Chrono Boost)  
  52  4:18  Templar Archives  
  54  4:20  Assimilator x2  
  54  4:23  Observer  
  58  4:37  Zealot x2  
  62  4:41  Pylon  
  62  4:54  Immortal  
  68  5:10  Gateway x3, High Templar  
  69  5:20  Zealot  
  72  5:28  Immortal  
  76  5:44  Nexus  
  78  5:45  Charge  
  80  5:55  High Templar  
  82  6:00  Zealot  
  85  6:10  Zealot  
Spawning Tool Build Advisor. Get it on Overwolf

Go to:

Details

  • Created by: Batistea
  • Published on: Dec 04, 2019
  • Modified on: Dec 04, 2019
  • Patch: 4.11.0
  • Difficulty: Easy
Show
View Real Time Build Order
Export as new Build Order

Comments (1)

On Dec. 12, 2019, 5:06 p.m., dinner4one  said:

Why is there a second charge?

78 5:45 Charge

Create an account to comment!